 Dungeon Crawl Stone Soup version 0.29-a0-870-g2c972031a6 (webtiles) character file.

Game seed: 6561954420418281512

267 porpoise the Poker (level 6, 0/48 HPs)
             Began as a Demonspawn Gladiator on July 18, 2022.
             Slain by a gnoll sergeant
             ... wielding a +0 spear
              (6 damage)
             ... on level 3 of the Dungeon.
             The game lasted 00:07:41 (4241 turns).

porpoise the Poker (Demonspawn Gladiator)           Turns: 4241, Time: 00:07:42

Health: 0/48       AC:  4    Str: 14 (17) XL:     6   Next: 0%
Magic:  6/6        EV: 12    Int:  6 (9)  God:
Gold:   129        SH:  0    Dex: 12 (14) Spells: 5/5 levels left

rFire   . . .      SeeInvis .   a - +0 trident
rCold   . . .      Faith    .   (no shield)
rNeg    . . .      Spirit   .   b - +0 leather armour
rPois   .          Reflect  .   v - +0 hat
rElec   .          Harm     .   (no cloak)
rCorr   .          Rampage  .   (no gloves)
Will    .....                   i - +0 pair of boots
Stlth   +.........              (no amulet)
HPRegen 0.16/turn               (no ring)
MPRegen 0.10/turn               (no ring)

@: mighty, attractive
A: powered by pain 1
a: no special abilities


You were on level 3 of the Dungeon.
You visited 1 branch of the dungeon, and saw 3 of its levels.

You collected 129 gold pieces.

Inventory:

Hand Weapons
 a - a +0 trident (weapon)
Missiles
 e - a javelin (quivered)
 m - 5 atropa-tipped darts
Armour
 b - a +0 leather armour (worn)
 c - a +0 helmet
 i - a +0 pair of boots (worn)
 v - a +0 hat (worn)
Wands
 q - a wand of flame (21)
Scrolls
 f - a scroll of magic mapping {unknown}
 g - a scroll of fear {unknown}
 j - a scroll of torment {unknown}
 k - a scroll of acquirement {unknown}
 n - a scroll of teleportation {unknown}
 r - a scroll of identify {unknown}
 s - a scroll of silence {unknown}
 x - a scroll of poison {unknown}
Potions
 h - a potion of heal wounds {unknown}
 l - a potion of ambrosia {unknown}
 o - 2 potions of attraction
 t - a potion of might {unknown}
 u - a potion of cancellation {unknown}
 w - a potion of lignification {unknown}


   Skills:
 + Level 3.9 Fighting
 * Level 5.3 Polearms
 - Level 1.7 Throwing
 - Level 2.6 Dodging


You had 5 spell levels left.
You didn't know any spells.
Your spell library was empty.

Dungeon Overview and Level Annotations

Branches:
Dungeon (3/15)

Altars:


Innate Abilities, Weirdness & Mutations

You sometimes gain a little power by taking damage.


Message History

The gnoll sergeant hits you from afar with a +0 spear.
You reach to attack!
You hit the gnoll sergeant.
The gnoll sergeant is moderately wounded.
The gnoll sergeant hits you from afar with a +0 spear.
Throw: throwing net
Press: ? - help, Q - select action, (/) - cycle Shift-Dir - straight line, f/p - gnoll sergeant
Aim: a gnoll sergeant, wielding a +0 spear and wearing a +0 scale mail (moderately wounded, 67% to hit)
You throw a throwing net.
The throwing net barely misses the gnoll sergeant.
The gnoll sergeant hits you from afar with a +0 spear!
You focus on the pain.
You feel very mighty all of a sudden. The gnoll sergeant barely misses you.
Things that are here:
a +0 dagger; a +0 chain mail; an orc corpse You hit the gnoll sergeant.
The gnoll sergeant is heavily wounded.
The gnoll sergeant hits you with a +0 spear.
You hit the gnoll sergeant but do no damage.
The gnoll sergeant is heavily wounded.
The gnoll sergeant hits you with a +0 spear!
* * * LOW HITPOINT WARNING * * *
You barely miss the gnoll sergeant.
The gnoll sergeant is heavily wounded.
The gnoll sergeant closely misses you.
You completely miss the gnoll sergeant.
The gnoll sergeant is heavily wounded.
The gnoll sergeant barely misses you.
You barely miss the gnoll sergeant.
The gnoll sergeant is heavily wounded.
The gnoll sergeant hits you with a +0 spear!
* * * LOW HITPOINT WARNING * * *
It was a potion of attraction.
You feel attractive to monsters. The gnoll sergeant barely misses you.
It was a potion of degeneration.
There was something very wrong with that liquid.
You feel weakened.
You feel dopey.
You feel clumsy.
The gnoll sergeant hits you with a +0 spear.
You die...

........##.#######..########
........##.#(....#.........#
...........#.....'.......#.#
........#.#########..###.#.#
.......... #.## #.#.#
..>.....#. #.# #.#.#
.#.######. #.# #.#.# .#.#
#.#########(####.#.# .#..
..#....@g....(....# .####
###.#....)#...###.### .#
#<#.#######..## #.# .#
#.#..#...#...# #.# .#
#.#..##.##.### #.# .#
#.#...#)#..# #.# .#
#.#.#.....## #.# .#
#.#.####### #.# .# #.#.# #.#


You could see a gnoll sergeant.

Vanquished Creatures
  3 orc priests (D:3)
  3 adders
  6 gnolls (D:3)
  A dart slug (D:3)
  12 orcs (D:3)
  3 bats
  7 endoplasms
  6 giant cockroaches
  7 goblins
  6 hobgoblins (D:1)
  5 jackals
  4 quokkas
  3 ball pythons
  5 frilled lizards
  4 kobolds
  6 rats
81 creatures vanquished.

Notes
Turn   | Place    | Note
-------+----------+-------------------------------------------
     0 | D:1      | porpoise the Demonspawn Gladiator began the quest for the
                  | Orb.
     0 | D:1      | Reached XP level 1. HP: 16/16 MP: 1/1
   104 | D:1      | Reached skill level 3 in Polearms
   285 | D:1      | Gained mutation: You sometimes gain a little power by
                  | taking damage. [demonic ancestry]
   285 | D:1      | Reached XP level 2. HP: 22/22 MP: 2/2
   601 | D:1      | Found a faded altar of an unknown god.
   916 | D:1      | Reached XP level 3. HP: 28/28 MP: 3/3
  2167 | D:2      | Reached skill level 4 in Polearms
  2394 | D:2      | Reached XP level 4. HP: 27/34 MP: 4/4
  2877 | D:3      | Reached XP level 5. HP: 13/41 MP: 5/5
  3543 | D:3      | Reached skill level 5 in Polearms
  4197 | D:3      | Reached XP level 6. HP: 45/48 MP: 6/6
  4241 | D:3      | Slain by a gnoll sergeant

Illustrated notes

Levels and vault maps discovered:
D:1:      erik_arrival_cave_to_civilisation [erik_arrival_cave_to_hall],
          layout_basic, ebering_ecumenical_altar_abandoned
D:2:      layout_loops_corners
D:3:      layout_basic, nicolae_ru_awakened_eye, minmay_divided_ellipse,
          uniq_crazy_yiuf_cottage

Skill      XL: |  1  2  3  4  5 |
---------------+----------------+-----
Polearms       | 3 4 5 |  5.3
Fighting       | 3 |  3.9
Throwing       | |  1.7
Dodging        | |  2.6

Action                   |  1- 3 |  4- 6 || total
-------------------------+-------+-------++-------
Melee: Trident           |   135 |   175 ||   310
Throw: Throwing net      |       |     3 ||     3
  Use: Potion            |       |     2 ||     2
 Stab: Sleeping          |     2 |     1 ||     3
       Distracted        |     1 |       ||     1
       Held in net/web   |       |     1 ||     1
Armor: Leather armour    |    22 |    31 ||    53
Dodge: Dodged            |    60 |    81 ||   141

Table legend: (Time is in decaauts)
 A = Elapsed time spent in this place.
 B = Non-inter-level travel time spent in this place.
 C = Inter-level travel time spent in this place.
 D = Time resting spent in this place.
 E = Time spent auto-exploring this place.
 F = Levels seen in this place.
 G = Mean time per level.
                   A        B        C        D        E       F      G
               +--------+--------+--------+--------+--------+-----+--------+
         Total |   4267 |   4210 |     57 |   1428 |   2076 |   3 | 1422.3 |
       Dungeon |   4267 |   4210 |     57 |   1428 |   2076 |   3 | 1422.3 |
               +--------+--------+--------+--------+--------+-----+--------+

Top non-repeatable levels by time:
     D:3: 1716 daAuts
     D:1: 1353 daAuts
     D:2: 1197 daAuts
